 Dungeon Sprint DCSS version 0.21-a0-265-gb353147 (webtiles) character file.

1873 Kidiri the Thaumaturge (level 8, -36/54 HPs)
             Began as a Deep Elf Fire Elementalist on Sept 10, 2017.
             Was a Priest of Vehumet.
             Killed from afar by Erolcha (37 damage)
             ... with a bolt of lightning
             ... in the Dungeon (Sprint III: "The Ten Rune Challenge") on Sept 12, 2017.
             The game lasted 00:13:38 (1333 turns).

Kidiri the Thaumaturge (Deep Elf Fire Elementalist) Turns: 1333, Time: 00:13:41

Health: -36/54     AC:  3    Str:  5    XL:     8   Next: 91%
Magic:  14/28      EV: 17    Int: 23    God:    Vehumet [***...]
Gold:   29         SH:  0    Dex: 15    Spells: 14/35 levels left

rFire    . . .     SeeInvis .   b - +0 dagger
rCold    . . .     Gourm    .   (no shield)
rNeg     . . .     Faith    .   a - +0 robe
rPois    +         Spirit   .   (no helmet)
rElec    .         Reflect  .   (no cloak)
rCorr    .         Harm     .   (no gloves)
MR       .....     NoTele   +   (no boots)
Stlth    ++........             (no amulet)
HPRegen  0.18/turn              (no ring)
MPRegen  0.21/turn              (no ring)

@: no status effects
A: hooves 1, rugged brown scales 1, poison resistance, robust 1, screaming 1
a: Renounce Religion


You were in the Dungeon.
You worshipped Vehumet.
Vehumet was most pleased with you.
You were not hungry.

You visited 1 branch You collected 29 gold pieces.

Inventory:

Hand Weapons
 b - a +0 dagger (weapon)
Armour
 a - a +0 robe (worn)
Wands
 o - a wand of polymorph (13/24)
Scrolls
 i - a scroll of blinking
 l - a scroll of remove curse
 q - a scroll of fog
Potions
 d - 2 potions of curing
 e - 2 potions of heal wounds
 f - a potion of haste
 g - 2 potions of magic
 h - a potion of berserk rage
 n - 3 potions of flight
 s - 3 potions of mutation
Comestibles
 c - a bread ration
 j - a royal jelly
 k - 6 chunks of flesh
 m - a meat ration
 r - a fruit


   Skills:
 + Level 4.7 Fighting
 + Level 5.9 Short Blades
 + Level 4.9 Armour
 + Level 7.6 Dodging
 - Level 2.4 Stealth
 * Level 14.4 Spellcasting
 + Level 8.8 Conjurations
 + Level 9.5 Fire Magic
 + Level 1.4 Poison Magic


You had 14 spell levels left.
You knew the following spells:

 Your Spells              Type           Power        Failure   Level  Hunger
a - Flame Tongue          Conj/Fire      #####        1%          1    None
b - Throw Flame           Conj/Fire      ######       1%          2    None
c - Conjure Flame         Conj/Fire      ######..     1%          3    None
d - Inner Flame           Hex/Fire       #####...     1%          3    None
e - Ignite Poison         Fire/Tmut/Pois ####....     1%          3    None
f - Sticky Flame          Conj/Fire      ######..     1%          4    None
g - Fireball              Conj/Fire      ######....   1%          5    ###....


Dungeon Overview and Level Annotations

Branches:
Dungeon (1/1)

Altars:
Cheibriados
Dithmenos
Elyvilon
Fedhas
Gozag
Hepliaklqana
Kikubaaqudgha
Makhleb
Nemelex Xobeh
Okawaru
Qazlal
Ru
Sif Muna
Trog
Uskayaw
Vehumet
Wu Jian
Xom
Yredelemnul
Zin
The Shining One
Beogh
Jiyva
Lugonu

Annotations:
D exclusion: door, Erolcha


Innate Abilities, Weirdness & Mutations

You have large cloven feet.
You are partially covered in rugged brown scales. (AC +1, +3% HP)
Your system is resistant to poisons. (rPois)
You are robust. (+10% HP)
You occasionally shout uncontrollably at your foes.


Message History

Confirm with . or Enter, or press ? or * to list all spells.
Aiming: Flame Tongue
Press: ? - help, Shift-Dir - straight line, f/p - two-headed ogre
Aim: a two-headed ogre, wielding a giant club and a giant spiked club (almost dead, covered in liquid flames)
The flame tongue hits the two-headed ogre.
The two-headed ogre is almost dead.
The two-headed ogre burns!
You kill the two-headed ogre!
Vehumet accepts your kill.
Vehumet offers you knowledge of Dazzling Spray.
You feel your power returning.
Your Poison Magic skill increases to level 1!
You hear some strange, mumbled words.
A bolt of lightning appears from out of thin air!
Deactivating autopickup; reactivate with Ctrl-A.
The bolt of lightning hits you!
* * * LOW HITPOINT WARNING * * *
The bolt of lightning hits you!
Ouch! That really hurt!
You die...

###### __#__# _.#)_#
###+## ...%.# .....#
####'#
_#...#+##############
_#...#....#.#.#.@)§{#
_#...##)#))#.##.###.#
_#...'##.#.#)##.#..##
_+...#...#..#..##.O
▓▓▓▓▓▓▓▓▓▓▓▓▓▓▓▓▓▓▓


There were no monsters in sight!

Vanquished Creatures
  A deep elf mage (D)
  A shadow (D)
  A necrophage (D)
  5 two-headed ogres (D)
  A water elemental (D)
  A jelly (D)
  A wizard (D)
  Jessica (D)
  A necromancer (D)
  3 humans (D)
  A kobold demonologist (D)
  A wolf (D)
  An ooze (D)
  2 rats (D)
21 creatures vanquished.

Vanquished Creatures (others)
  2 draconian scorchers (D)
  6 hellions (D)
  2 yaktaurs (D)
  2 plants (D)
12 creatures vanquished.

Grand Total: 33 creatures vanquished

Notes
Turn   | Place    | Note
-------+----------+-------------------------------------------
     0 | D        | Kidiri the Deep Elf Fire Elementalist began the quest for the Orb.
     0 | D        | Reached XP level 1. HP: 10/10 MP: 6/6
    14 | D        | Reached skill level 4 in Spellcasting
    60 | D        | Noticed Jessica
    66 | D        | Killed Jessica
    66 | D        | Reached skill level 6 in Spellcasting
    66 | D        | Reached XP level 2. HP: 11/15 MP: 0/11
    66 | D        | Reached XP level 3. HP: 15/19 MP: 0/13
    70 | D        | Learned a level 2 spell: Throw Flame
    74 | D        | Learned a level 3 spell: Conjure Flame
    78 | D        | Learned a level 3 spell: Inner Flame
    96 | D        | Killed a hellion
    96 | D        | Killed a hellion
    99 | D        | Killed a hellion
   100 | D        | Killed a hellion
   136 | D        | Killed a yaktaur
   150 | D        | Killed a hellion
   162 | D        | Reached skill level 7 in Spellcasting
   162 | D        | Reached skill level 5 in Fire Magic
   173 | D        | Killed a hellion
   191 | D        | Killed a white draconian scorcher
   206 | D        | Killed a white draconian scorcher
   373 | D        | Gained mutation: You have a pair of small horns on your head. [potion of mutation]
   373 | D        | Gained mutation: Your system is resistant to poisons. (rPois) [potion of mutation]
   374 | D        | Lost mutation: You have a pair of small horns on your head. [potion of mutation]
   374 | D        | Gained mutation: You are partially covered in rugged brown scales. (AC +1, +3% HP) [potion of mutation]
   374 | D        | Gained mutation: You are robust. (+10% HP) [potion of mutation]
   374 | D        | Gained mutation: You occasionally shout uncontrollably at your foes. [potion of mutation]
   374 | D        | Gained mutation: You have large cloven feet. [potion of mutation]
   430 | D        | Killed a yaktaur
   639 | D        | Noticed a water elemental
   642 | D        | Killed a water elemental
   642 | D        | Reached skill level 9 in Spellcasting
   642 | D        | Reached skill level 5 in Conjurations
   642 | D        | Reached XP level 4. HP: 27/27 MP: 10/17
   648 | D        | Learned a level 4 spell: Sticky Flame
   685 | D        | Found a radiant altar of Vehumet.
   686 | D        | Found a deep blue altar of Sif Muna.
   686 | D        | Found an ancient bone altar of Kikubaaqudgha.
   686 | D        | Noticed a wizard
   687 | D        | Killed a wizard
   687 | D        | Reached XP level 5. HP: 31/31 MP: 14/19
   690 | D        | Reached skill level 10 in Spellcasting
   701 | D        | Learned a level 5 spell: Fireball
   713 | D        | Became a worshipper of Vehumet
   750 | D        | Found a glowing silver altar of Zin.
   751 | D        | Found a glowing golden altar of the Shining One.
   751 | D        | Found a white marble altar of Elyvilon.
   751 | D        | Noticed a deep elf mage
   760 | D        | Killed a deep elf mage
   760 | D        | Reached skill level 5 in Dodging
   760 | D        | Reached skill level 12 in Spellcasting
   760 | D        | Reached XP level 6. HP: 30/40 MP: 12/23
   760 | D        | Reached XP level 7. HP: 34/45 MP: 12/24
   832 | D        | Found an ornate altar of the Wu Jian Council.
   832 | D        | Found a roughly hewn altar of Beogh.
   832 | D        | Found an iron altar of Okawaru.
   832 | D        | Found a bloodstained altar of Trog.
   832 | D        | Found a hide-covered altar of Uskayaw.
   832 | D        | Noticed a human
   834 | D        | Noticed a human
   838 | D        | Killed a human
   838 | D        | Killed a human
   838 | D        | Reached * piety under Vehumet
   838 | D        | Offered knowledge of Sting by Vehumet.
   838 | D        | Reached skill level 13 in Spellcasting
   937 | D        | Found a basalt altar of Yredelemnul.
   937 | D        | Found a shadowy altar of Dithmenos.
   937 | D        | Found a sacrificial altar of Ru.
   995 | D        | Noticed a shadow
   996 | D        | Killed a shadow
   996 | D        | Offered knowledge of Sandblast by Vehumet.
   996 | D        | Reached ** piety under Vehumet
   996 | D        | Reached XP level 8. HP: 54/54 MP: 21/27
  1018 | D        | Found a blossoming altar of Fedhas.
  1018 | D        | Found a stormy altar of Qazlal.
  1018 | D        | Found a snail-covered altar of Cheibriados.
  1018 | D        | Found a burning altar of Makhleb.
  1018 | D        | Found a shimmering altar of Xom.
  1020 | D        | Found a hazy altar of Hepliaklqana.
  1020 | D        | Found an opulent altar of Gozag.
  1020 | D        | Found a sparkling altar of Nemelex Xobeh.
  1020 | D        | Found a corrupted altar of Lugonu.
  1020 | D        | Found a viscous altar of Jiyva.
  1099 | D        | Reached skill level 5 in Short Blades
  1106 | D        | Reached *** piety under Vehumet
  1195 | D        | Noticed a two-headed ogre
  1203 | D        | Killed a two-headed ogre
  1203 | D        | Offered knowledge of Ignite Poison by Vehumet.
  1203 | D        | Reached skill level 14 in Spellcasting
  1208 | D        | Learned a level 3 spell: Ignite Poison
  1321 | D        | Noticed a two-headed ogre
  1321 | D        | Noticed Erolcha
  1332 | D        | Killed a two-headed ogre
  1332 | D        | Offered knowledge of Dazzling Spray by Vehumet.
  1332 | D        | Reached skill level 1 in Poison Magic
  1333 | D        | HP: 1/54 [something/bolt of lightning (22)]
  1333 | D        | Killed from afar by Erolcha

Vault maps used:
D:        dungeon_sprint_mu

Skill      XL: |  1  2  3  4  5  6  7  8 |
---------------+-------------------------+-----
Spellcasting   | 6 9 12 13 14 | 14.4
Conjurations   | 3 5 7 8 |  8.8
Fire Magic     | 4 6 8 9 |  9.5
Fighting       | 2 3 4 |  4.7
Short Blades   | 3 4 5 |  5.9
Armour         | 3 4 |  4.9
Dodging        | 5 6 7 |  7.6
Poison Magic   | 1 |  1.4
Stealth        | |  2.4

Action                   |  1- 3 |  4- 6 |  7- 9 || total
-------------------------+-------+-------+-------++-------
 Cast: Flame Tongue      |    20 |     1 |    35 ||    56
       Conjure Flame     |     1 |       |     5 ||     6
       Throw Flame       |     1 |       |       ||     1
       Sticky Flame      |       |     3 |     5 ||     8
       Inner Flame       |       |       |     5 ||     5
       Fireball          |       |       |     2 ||     2
  Use: Scroll            |     4 |       |       ||     4
       Potion            |     2 |       |       ||     2
  Eat: Chunk             |       |       |     2 ||     2
Armor: Robe              |       |     1 |     1 ||     2
Dodge: Dodged            |     4 |     5 |     8 ||    17

Table legend:
 A = Spawn XP
 B = Non-spawn XP
 C = Spawn XP percentage of total XP
 D = Spawn monster count
 E = Non-spawn monster count
 F = Spawn count percentage of total count
 G = Total turns spent on level
                    A         B        C        D         E        F      G
               +---------+---------+-------+---------+---------+-------+---------
         Total |       0 |    2677 |   0.0 |       0 |      21 |   0.0 |  1333
               +---------+---------+-------+---------+---------+-------+---------
             D |       0 |    2677 |   0.0 |       0 |      21 |   0.0 |  1333
               +---------+---------+-------+---------+---------+-------+---------
